 Dungeon Crawl Stone Soup version 0.31-a0-675-g238779eb0a (webtiles) character file.

Game seed: 8315864177267884177

968 Ekaitz the Sneak (level 7, -4/51 HPs)
             Began as a Vampire Enchanter on Sept 5, 2023.
             Was a Follower of Kikubaaqudgha.
             Slain by a scorpion (6 damage)
             ... on level 5 of the Dungeon.
             The game lasted 00:14:39 (5139 turns).

Ekaitz the Sneak (Vampire Enchanter)                Turns: 5139, Time: 00:14:40

Health: -4/51      AC:  3    Str:  7    XL:     7   Next: 93%
Magic:  1/11       EV: 13    Int: 17    God:    Kikubaaqudgha [*.....]
Gold:   254        SH:  0    Dex: 20    Spells: 0/11 levels left

rFire   . . .        k - +2 dagger of Doom {vamp, rElec Dex+3}
rCold   . . .        (no shield)
rNeg    . . .        b - +0 robe
rPois   .            (no helmet)
rElec   +            g - +0 cloak
rCorr   +            (no gloves)
SInv    +            (no boots)
Will    .....        (no amulet)
Stlth   ++++         e - ring of resist corrosion
HPRegen 0.48/turn    (no ring)
MPRegen 0.12/turn

%: no passive effects
@: healing quickly
A: alive, fangs 3, see invisible, vampiric 2
a: Exsanguinate, Renounce Religion, Unearth Wretches


You were on level 5 of the Dungeon.
You worshipped Kikubaaqudgha.
Kikubaaqudgha was aware of your devotion.
You visited 2 branches of the dungeon, and saw 6 of its levels.
You also visited: Sewer.

You collected 254 gold pieces.

Inventory:

Hand Weapons
 a - a +1 dagger of electrocution
 k - the +2 dagger of Doom (weapon) {vamp, rElec Dex+3}
   (You found it on level 2 of the Dungeon)

   Dex+3:     It affects your dexterity (+3).
   rElec:     It insulates you from electricity.
Missiles
 h - 24 poisoned darts
 t - 42 stones
Armour
 b - a +0 robe (worn)
 g - a +0 cloak (worn)
Magical Staves
 v - a staff of fire
Jewellery
 e - a ring of resist corrosion (left hand)
Wands
 o - a wand of polymorph (12)
 u - a wand of light (10)
Scrolls
 d - 4 scrolls of amnesia {unknown}
 f - 3 scrolls of identify {unknown}
 j - a scroll of silence {unknown}
 n - a scroll of fear {unknown}
 r - a scroll of noise {unknown}
 s - 3 scrolls of torment {unknown}
 x - a scroll of teleportation {unknown}
 y - a scroll of poison {unknown}
Potions
 c - 2 potions of invisibility
 i - a potion of magic {unknown}
 l - 3 potions of haste {unknown}
 m - 3 potions of degeneration {unknown}
 p - a potion of resistance {unknown}
 q - a potion of cancellation {unknown}
 w - 2 potions of enlightenment {unknown}
 z - a potion of heal wounds {unknown}


   Skills:
 * Level 2.5 Fighting
 * Level 4.1 Short Blades
 + Level 3.2 Dodging
 + Level 7.1 Stealth
 + Level 2.8 Spellcasting
 * Level 6.5 Hexes
 * Level 1.5 Summonings
 * Level 2.8 Necromancy
 * Level 0.9 Translocations
 * Level 2.8 Ice Magic


You couldn't memorise any spells.
You knew the following spells:

 Your Spells              Type           Power      Damage    Failure   Level
a - Necrotise             Necr           48%        1d6       5%          1
b - Ensorcelled Hibernat  Hex/Ice        36%        N/A       3%          2
c - Confusing Touch       Hex            24%        N/A       3%          3
d - Tukima's Dance        Hex            24%        N/A       3%          3
e - Summon Small Mammal   Summ           28%        N/A       10%         1
p - Apportation           Tloc           10%        N/A       12%         1

Your spell library contained the following spells:

 Spells                   Type           Power      Damage    Failure   Level
 Sublimation of Blood     Necr           12%        N/A       9%          2
 Dazzling Flash           Conj/Hex       26%        N/A       14%         3
 Vampiric Draining        Necr           12%        2d6       17%         3
 Cigotuvi's Dreadful Rot  Necr/Pois/Air  10%        N/A       19%         2
 Haunt                    Necr/Summ      4%         N/A       100%        7
 Borgnjor's Revivificati  Necr           Unusable   N/A       N/A         8
 Death's Door             Necr           Unusable   N/A       N/A         9

Dungeon Overview and Level Annotations

Branches:
Dungeon (5/15)             Temple (1/1) D:4           Sewer (visited)

Altars:
Ashenzari
Cheibriados
Dithmenos
Gozag
Hepliaklqana
Kikubaaqudgha
Makhleb
Nemelex Xobeh
Okawaru
Qazlal
Ru
Sif Muna
Trog
Uskayaw
Vehumet
Wu Jian
Xom
Yredelemnul

Annotations:
D:5 3 runed translucent doors, Wurlitzer's ghost, novice HuCA


Innate Abilities, Weirdness & Mutations

Your natural rate of healing is accelerated.
You have razor-sharp teeth.
You have supernaturally acute eyesight. (SInv)
You are afflicted with vampirism and can become a bat while bloodless.


Message History

The phantom completely misses you.
You feel sick.
The phantom hits you but does no damage.
Found a stone staircase leading down.
You feel sick.
Casting: Ensorcelled Hibernation (safe; 3% risk of failure)
Confirm with . or Enter, or press ? or * to list all spells.
Your hands begin to glow red.
You feel sick.
You are no longer poisoned.
The phantom hits you.
The phantom blinks!
You blink.
Unknown command.
You hit the phantom but do no damage.
The phantom appears confused.
The phantom is lightly damaged.
The phantom barely misses the iguana.
The scorpion barely misses you. The iguana bites you!
* * * LOW HITPOINT WARNING * * *
Unknown command.
The scorpion stings you but does no damage.
The phantom hits the scorpion.
The phantom blinks!
The scorpion blinks!
The phantom hits itself but does no damage.
Unknown command.
You hit the scorpion but do no damage. Your bite misses the scorpion.
The scorpion is moderately wounded.
The scorpion misses you.
Unknown command.
You hit the iguana.
The iguana is lightly wounded.
The iguana bites you.
* * * LOW HITPOINT WARNING * * *
The scorpion stings you.
* * * LOW HITPOINT WARNING * * *
Unknown command.
You hit the scorpion.
You feel better.
The scorpion is heavily wounded.
The iguana barely misses you. The scorpion stings you.
* * * LOW HITPOINT WARNING * * *
Unknown command.
The phantom hits the iguana.
The scorpion attacks as it pursues you! The scorpion stings you.
You die...
Kikubaaqudgha rasps: "You have failed me!
Welcome... death!"

....#####O.......#..#
##..# #..###...#..#
...## #..#/?#..#..#
....#####..#.)#..#..
..#.....#.O.###..#..
.########........#.####
.....>..#.......(#....##
############''####.....#
#.....ls@..#...>#
#......W...# ####
#..........#
#..........#
############


You could see a phantom (confused), a scorpion and an iguana.

Vanquished Creatures
  A centaur (D:5)
  2 phantoms
  2 scorpions
  A howler monkey (D:4)
  A jelly (D:5)
  3 hounds
  2 orc priests (D:5)
  An iguana (D:4)
  4 orc wizards
  A gnoll (D:4)
  6 river rats (Sewer)
  10 adders
  A worm (D:3)
  3 dart slugs
  6 orcs
  11 ball pythons
  12 endoplasms
  3 goblins
  4 hobgoblins
  12 jackals
  26 kobolds
  4 quokkas
  6 bats
  4 frilled lizards
  23 rats
149 creatures vanquished.

Vanquished Creatures (collateral kills)
  A kobold (Sewer)
  A rat (Sewer)
2 creatures vanquished.

Grand Total: 151 creatures vanquished

Notes
Turn   | Place    | Note
-------+----------+-------------------------------------------
     0 | D:1      | Ekaitz the Vampire Enchanter began the quest for the Orb.
     0 | D:1      | Reached XP level 1. HP: 13/13 MP: 3/3
   221 | D:1      | Reached XP level 2. HP: 19/19 MP: 5/5
   225 | D:1      | Learned a level 2 spell: Ensorcelled Hibernation
   324 | D:1      | Reached skill level 5 in Hexes
   893 | D:2      | Gained mutation: You are afflicted with vampirism and can
                  | become a bat while bloodless. [Vampire growth]
   893 | D:2      | Reached XP level 3. HP: 23/25 MP: 6/6
   897 | D:2      | Learned a level 3 spell: Confusing Touch
  1098 | D:2      | Identified the +2 dagger of Doom {vamp, rElec Dex+3}
  1107 | D:2      | Learned a level 1 spell: Necrotise
  1455 | D:3      | Reached skill level 5 in Stealth
  1564 | D:3      | Reached XP level 4. HP: 31/31 MP: 2/7
  1673 | D:3      | Reached skill level 1 in Fighting
  1673 | D:3      | Reached skill level 1 in Ice Magic
  1714 | D:3      | Reached skill level 1 in Necromancy
  1742 | D:3      | Found a glowing drain.
  1766 | D:3      | Reached XP level 5. HP: 37/37 MP: 0/8
  1789 | Sewer    | Entered a sewer
  3388 | D:4      | Reached XP level 6. HP: 43/43 MP: 9/9
  3405 | D:4      | Reached skill level 6 in Stealth
  3667 | D:4      | Learned a level 3 spell: Tukima's Dance
  3669 | D:4      | Learned a level 1 spell: Summon Small Mammal
  3862 | D:4      | Found a staircase to the Ecumenical Temple.
  3871 | Temple   | Entered the Ecumenical Temple
  3980 | Temple   | Became a worshipper of Kikubaaqudgha
  4483 | D:4      | Reached XP level 7. HP: 50/50 MP: 9/11
  4485 | D:4      | Learned a level 1 spell: Apportation
  4571 | D:5      | Entered Level 5 of the Dungeon
  4572 | D:5      | Found a runed translucent gate.
  4572 | D:5      | Found a runed translucent gate.
  4576 | D:5      | Reached skill level 1 in Summonings
  4592 | D:5      | Found a runed translucent gate.
  4599 | D:5      | Noticed Wurlitzer's ghost (novice HuCA)
  4812 | D:5      | Reached * piety under Kikubaaqudgha
  4812 | D:5      | Received a gift from Kikubaaqudgha
  4813 | D:5      | Reached skill level 7 in Stealth
  5137 | D:5      | HP: 1/51 [scorpion (5)]
  5139 | D:5      | Slain by a scorpion

Illustrated notes

Levels and vault maps discovered:
D:1:      minmay_arrival_four_loops, layout_loops_ring, st_stairs_2
D:2:      layout_basic, grunt_ministairs_13, minmay_misc_feat_secret_circle
D:3:      layout_basic, cheibrodos_sewer_entry_bend
D:4:      layout_loops_corners, minmay_temple_entry_drinking_statues,
          cheibrodos_gnoll_hut
D:5:      layout_rooms, gammafunk_ghost_split, kennysheep_generic_room_7
Temple:   mainiacjoe_temple_archimedes_tessellation

Skill      XL: |  1  2  3  4  5  6  7 |
---------------+----------------------+-----
Hexes          | 5 6 |  6.5
Short Blades   | 2 3 4 |  4.1
Stealth        | 5 6 7 |  7.1
Fighting       | 1 2 |  2.5
Ice Magic      | 1 2 |  2.8
Necromancy     | 1 2 |  2.8
Summonings     | 1 |  1.5
Dodging        | 3 |  3.2
Spellcasting   | |  2.8
Translocations | |  0.9

Action                     |  1- 3 |  4- 6 |  7- 9 || total
---------------------------+-------+-------+-------++-------
  Melee: Dagger            |    94 |   233 |    85 ||   412
         Bite              |     8 |    23 |     9 ||    40
         Punch             |       |     2 |       ||     2
   Cast: Ensorcelled Hiber |     9 |    26 |    11 ||    46
         Necrotise         |     9 |    17 |       ||    26
         Confusing Touch   |       |       |     3 ||     3
    Use: Potion            |       |     1 |       ||     1
   Stab: Sleeping          |    17 |    29 |    10 ||    56
         Distracted        |     1 |     1 |       ||     2
         Confused          |       |       |     2 ||     2
 Armour: Robe              |    48 |   124 |    69 ||   241
  Dodge: Dodged            |    56 |   162 |    78 ||   296

Table legend: (Time is in decaauts)
 A = Elapsed time spent in this place.
 B = Non-inter-level travel time spent in this place.
 C = Inter-level travel time spent in this place.
 D = Time resting spent in this place.
 E = Time spent auto-exploring this place.
 F = Levels seen in this place.
 G = Mean time per level.
                   A        B        C        D        E       F      G
               +--------+--------+--------+--------+--------+-----+--------+
         Total |   5106 |   4830 |    276 |    157 |   3304 |   7 |  729.4 |
       Dungeon |   4117 |   3952 |    165 |     81 |   2829 |   5 |  823.4 |
        Temple |    129 |     18 |    111 |      0 |     15 |   1 |  129.0 |
         Sewer |    859 |    859 |      0 |     76 |    460 |   1 |  859.0 |
               +--------+--------+--------+--------+--------+-----+--------+

Top non-repeatable levels by time:
     D:4: 1081 daAuts
     D:3: 1062 daAuts
   Sewer: 859 daAuts
     D:1: 817 daAuts
     D:2: 605 daAuts
     D:5: 550 daAuts
  Temple: 129 daAuts
